 Dungeon Crawl Stone Soup version 0.28.0-45-g0d030f2227 (webtiles) character file.

Game seed: 9837097515749128367

84685 protoss039 the Warrior (level 15, -3/104 HPs)
             Began as a Gargoyle Gladiator on Apr 10, 2022.
             Was the Champion of Okawaru.
             Slain by a dire elephant simulacrum (9 damage)
             ... summoned by an orange crystal statue
             ... in an ice cave.
             The game lasted 00:55:53 (27597 turns).

protoss039 the Warrior (Gargoyle Gladiator)        Turns: 27597, Time: 00:55:53

Health: -3/104     AC: 42    Str: 25      XL:     15   Next: 81%
Magic:  0/31       EV: 11    Int: 13 (14) God:    Okawaru [******]
Gold:   1015       SH: 10    Dex: 11      Spells: 14/14 levels left

rFire   . . .      SeeInvis .   c - +3 broad axe (flame)
rCold   + . .      Faith    .   n - +3 warlock's mirror {reflect}
rNeg    + . .      Spirit   +   r - +0 plate armour
rPois   ∞          Reflect  +   W - +3 hat of Pondering {ponderous, Will+ MP+10 Int+5}
rElec   +          Harm     .   (no cloak)
rCorr   .          Rampage  .   B - +0 pair of gloves
Will    ++...                   M - +1 pair of boots
Stlth   ..........              V - amulet of guardian spirit
HPRegen 0.27/turn               q - ring of protection from cold
MPRegen 0.22/turn               C - +4 ring of protection

@: heroic, attractive, flying, slowed, studying Staves, very slow
A: sickness immunity, AC +11, big wings, negative energy resistance 1,
electricity resistance, torment resistance 1, petrification resistance
a: Renounce Religion, Heroism, Finesse, Duel


You were in an ice cave.
You worshipped Okawaru.
Okawaru was exalted by your worship.
You visited 3 branches of the dungeon, and saw 21 of its levels.
You also visited: Ice Cave.

You collected 1248 gold pieces.
You spent 233 gold pieces at shops.

Inventory:

Hand Weapons
 c - a +3 broad axe of flaming (weapon)
 l - the +6 dagger of Deflation {freeze, rF++ rC+}
   (You found it on level 3 of the Dungeon)

   It freezes those it strikes, dealing additional cold damage.
   It can also slow down cold-blooded creatures.
   rF:        It greatly protects you from fire.
   rC:        It protects you from cold.
 u - the +8 flail of Cheibriados's Envy {freeze, Str+3}
   (You took it off an orc wizard on level 4 of the Dungeon)

   It freezes those it strikes, dealing additional cold damage.
   It can also slow down cold-blooded creatures.
   Str:       It affects your strength (+3).
Missiles
 d - 6 throwing nets (quivered)
 J - 3 silver javelins
Armour
 n - the +3 warlock's mirror (worn) {reflect}
   (Okawaru gifted it to you on level 1 of the Lair of Beasts)

   It can block and reflect piercing ranged attacks and magical attacks against
   the wielder's willpower.
 r - a +0 plate armour (worn)
 B - a +0 pair of gloves (worn)
 M - a +1 pair of boots (worn)
 W - the +3 hat of Pondering (worn) {ponderous, Will+ MP+10 Int+5}
   (Okawaru gifted it to you on level 6 of the Lair of Beasts)

   Int:       It affects your intelligence (+5).
   MP:        It affects your magic capacity (+10).
   Will:      It increases your willpower.
Jewellery
 p - a +6 ring of strength
 q - a ring of protection from cold (left hand)
 A - a +6 ring of strength
 C - a +4 ring of protection (right hand)
 L - a ring of protection from fire
 Q - a ring of willpower
 V - an amulet of guardian spirit (around neck)
Wands
 a - a wand of iceblast (9)
 i - a wand of paralysis (18)
 t - a wand of mindburst (6)
 F - a wand of flame (26)
 N - a wand of digging (4)
 U - a wand of polymorph (10)
Scrolls
 f - 5 scrolls of teleportation
 h - a scroll of summoning {unknown}
 m - 3 scrolls of blinking
 o - 3 scrolls of noise {unknown}
 w - a scroll of acquirement {unknown}
 x - 2 scrolls of enchant weapon {unknown}
 y - 2 scrolls of holy word {unknown}
 z - 5 scrolls of fog {unknown}
 E - a scroll of enchant armour {unknown}
 G - 5 scrolls of fear
 H - a scroll of vulnerability {unknown}
 K - 2 scrolls of immolation
 O - a scroll of torment {unknown}
Potions
 b - 3 potions of lignification
 e - 2 potions of resistance
 g - 14 potions of ambrosia
 j - 13 potions of curing
 k - 2 potions of cancellation
 s - 5 potions of attraction
 v - 2 potions of magic
 D - 3 potions of mutation
 P - 2 potions of brilliance
Miscellaneous
 I - a tin of tremorstones (2/2)


   Skills:
 + Level 16.2(21.2) Fighting
 + Level 15.1(20.1) Maces & Flails
 - Level 2.0(7.0) Throwing
 + Level 16.0(21.0) Armour
 - Level 3.0(8.0) Dodging
 * Level 9.3(14.3) Shields
 - Level 8.0 Invocations


You had 14 spell levels left.
You didn't know any spells.
Your spell library contained the following spells:

 Spells                   Type           Power      Damage    Failure   Level
 Beastly Appendage        Tmut           0%         N/A       87%         1
 Foxfire                  Conj/Fire      0%         2x1d4     87%         1
 Freeze                   Ice            0%         1d3       87%         1
 Magic Dart               Conj           0%         1d3       87%         1
 Pain                     Necr           0%         1d4       87%         1
 Blink                    Tloc           0%         N/A       95%         2
 Wereblood                Tmut           0%         N/A       95%         2
 Conjure Flame            Conj/Fire      0%         6-21      99%         3
 Dazzling Flash           Conj/Hex       0%         N/A       99%         3
 Frozen Ramparts          Ice            0%         1d2       99%         3
 Gell's Gravitas          Tloc           0%         N/A       99%         3
 Inner Flame              Hex/Fire       0%         N/A       99%         3
 Lesser Beckoning         Tloc           0%         N/A       99%         3
 Mephitic Cloud           Conj/Pois/Air  0%         N/A       99%         3
 Portal Projectile        Hex/Tloc       0%         N/A       99%         3
 Spider Form              Tmut/Pois      0%         N/A       99%         3
 Teleport Other           Tloc           0%         N/A       99%         3
 Vampiric Draining        Necr           0%         2d6       99%         3
 Flame Wave               Conj/Fire      0%         2d4       100%        4
 Hailstorm                Conj/Ice       0%         3d3       100%        4
 Leda's Liquefaction      Hex/Erth       0%         N/A       100%        4
 Olgreb's Toxic Radiance  Pois           0%         N/A       100%        4
 Agony                    Necr           0%         N/A       100%        5
 Manifold Assault         Tloc           0%         N/A       100%        5
 Silence                  Hex/Air        0%         N/A       100%        5
 Ozocubu's Refrigeration  Ice            0%         4d5       100%        7
 Ignition                 Fire           0%         3d3       100%        8
 Animate Skeleton         Necr           Unusable   N/A       N/A         1
 Call Imp                 Summ           Unusable   N/A       N/A         2
 Call Canine Familiar     Summ           Unusable   N/A       N/A         3

Dungeon Overview and Level Annotations

Branches:
Dungeon (14/15)            Temple (1/1) D:5            Lair (6/6) D:9
  Swamp (0/4) Lair:3        Snake (0/4) Lair:2        Slime (0/5) Lair:6
    Orc (0/2) D:10         Vaults (0/5) D:13          IceCv (1/1)

Altars:
Ashenzari
Cheibriados
Dithmenos
Elyvilon
Fedhas
Gozag
Hepliaklqana
Kikubaaqudgha
Makhleb
Nemelex Xobeh
Okawaru
Qazlal
Ru
Sif Muna
Trog
Uskayaw
Vehumet
Wu Jian
Xom
Yredelemnul
Zin
The Shining One

Shops:
D:4 (=[(   D:9 ??

Portals:
Trove: D:13 (give 17 scrolls of teleportation)

Annotations:
D:6 2 runed translucent doors, diceflayer's ghost, novice MiFi
Lair:3 3 runed translucent doors, Feulaj's ghost, journeyman MiBe
Lair:4 2 transporters, Kyusiynim's ghost, journeyman GnEn IceCv 1 transporter, exclusion: orange crystal statue


Innate Abilities, Weirdness & Mutations

You are immune to sickness and miasma.
Your stone body is resilient. (AC +11)
You are immune to poison.
Your large and strong wings let you fly.
You resist negative energy. (rN+)
You are resistant to electric shocks. (rElec)
You are resistant to unholy torment.
You are immune to petrification.


Message History

Okawaru accepts your kill.
You hit the freezing wraith but do no damage.
The orange crystal statue glitters.
You block the freezing wraith's attack. x2
The harpy simulacrum is attracted toward you.
The dire elephant simulacrum is attracted toward you.
The golden dragon simulacrum is attracted toward you.
Your base Armour skill increases to level 16!
Unknown command.
Unknown command.
You hit the freezing wraith. You burn the freezing wraith.
The freezing wraith is heavily damaged.
You hit the dire elephant simulacrum but do no damage.
You slash the golden dragon simulacrum!
You melt the golden dragon simulacrum.
You hit the harpy simulacrum.
You melt the harpy simulacrum.
You block the harpy simulacrum's attack. x2
The orange crystal statue glitters.
The freezing wraith closely misses you. The freezing wraith hits you.
* * * LOW HITPOINT WARNING * * *
The freezing wraith drains your vigour!
You feel yourself slow down.
The harpy simulacrum claws you but does no damage.
The harpy simulacrum misses you.
Unknown command.
Unknown command.
You barely miss the freezing wraith.
The freezing wraith is heavily damaged.
You hit the harpy simulacrum.
You melt the harpy simulacrum.
The harpy simulacrum vaporises!
You hit the golden dragon simulacrum but do no damage.
You slash the dire elephant simulacrum!
You melt the dire elephant simulacrum.
You block the freezing wraith's attack. The freezing wraith barely misses you.
The golden dragon simulacrum bites you.
* * * LOW HITPOINT WARNING * * *
The golden dragon simulacrum freezes you!!
You resist.
* * * LOW HITPOINT WARNING * * *
The golden dragon simulacrum claws you but does no damage.
The golden dragon simulacrum tramples you but does no damage.
The dire elephant simulacrum tramples you!
You die...

##.....?.....##
#.............#
#....8...8....#
#......(......#
##....).[....##
#...).©.....#
##...8©8...##
###########
#8..@W.8#
#8..○ZZ..8#
#8..§.Z....8#
#.....[|$§....#
#©...)(8§[...∩#
###############


You could see an orange crystal statue, a freezing wraith, an alligator
simulacrum (summoned), a dire elephant simulacrum (summoned) and a golden dragon
simulacrum (summoned).

Vanquished Creatures
  2 very ugly things (IceCv)
  Josephine (Lair:5)
  A fire dragon (Lair:6)
  Harold (Lair:2)
  5 vault guards (D:13)
  12 hydras
  Fannar (D:12)
  A caustic shrike simulacrum (IceCv)
  A catoblepas (Lair:3)
  2 ogre magi (D:13)
  A two-headed ogre (D:11)
  A boulder beetle (D:10)
  3 centaur warriors
  A death knight (D:13)
  Urug (D:12)
  2 death yaks (Lair:4)
  A fire crab (Lair:4)
  A skeletal warrior (D:13)
  2 lindwurms (Lair:6)
  2 deep elf pyromancers
  Pikel (D:6)
  13 ugly things
  A will-o-the-wisp (Lair:3)
  6 centaur zombies
  A cyclops (D:11)
  3 torpor snails
  3 molten gargoyles (Lair:6)
  2 gargoyles
  13 black mambas
  12 elephants
  17 cane toads
  Psyche (D:9)
  5 rime drakes
  14 komodo dragons
  4 freezing wraiths
  An unseen horror (D:12)
  6 yaktaurs
  A troll (D:11)
  A polar bear (Lair:4)
  A queen bee (Lair:3)
  5 slime creatures
  24 blink frogs
  A dream sheep (Lair:4)
  2 vampires
  Sigmund (D:6)
  4 wyverns
  2 dire elephant simulacra (IceCv)
  Eustachio (D:5)
  5 wraiths
  41 yaks
  A human (D:13)
  A steam dragon (D:8)
  6 basilisks
  15 vampire mosquitoes
  4 nagas (Lair:2)
  Menkaure (D:7)
  4 hell hounds (Lair:6)
  25 water moccasins
  2 acid dragons (D:12)
  3 orc warriors
  2 black bears
  An ice beast (D:7)
  2 ettin simulacra (IceCv)
  2 necrophages (D:6)
  3 sky beasts
  An ogre (D:6)
  7 centaurs
  16 wolves
  3 kobold brigands
  2 gnoll sergeants
  19 bullfrogs
  2 scorpions
  A water moccasin skeleton (D:5)
  38 killer bees
  3 lindwurm simulacra (IceCv)
  8 wights
  6 howler monkeys
  A vampire bat (Lair:2)
  5 lava snakes (Lair:6)
  A centaur skeleton (D:7)
  3 hounds (D:5)
  3 jellies
  5 orc priests
  10 orc wizards
  A scorpion zombie (D:5)
  3 iguanas (D:6)
  A hell rat (Lair:4)
  2 killer bee zombies
  A hound skeleton (D:4)
  8 gnolls
  9 adders
  2 shadow imps
  A white imp (D:8)
  An ufetubus (D:6)
  6 dart slugs
  23 orcs
  6 endoplasms
  2 giant cockroaches
  9 goblins
  11 hobgoblins
  3 jackals (D:3)
  5 quokkas
  7 ball pythons
  12 bats
  5 frilled lizards
  21 kobolds
  5 rats (D:2)
584 creatures vanquished.

Vanquished Creatures (others)
  A bush (Lair:5)
  2 foxfires (Lair:3)
  30 fungi
  42 plants
75 creatures vanquished.

Grand Total: 659 creatures vanquished

Notes
Turn   | Place    | Note
-------+----------+-------------------------------------------
     0 | D:1      | protoss039 the Gargoyle Gladiator began the quest for the
                  | Orb.
     0 | D:1      | Reached XP level 1. HP: 12/12 MP: 1/1
   139 | D:1      | Reached XP level 2. HP: 18/18 MP: 2/2
   738 | D:1      | Reached XP level 3. HP: 10/22 MP: 3/3
  1548 | D:2      | Reached skill level 1 in Armour
  1928 | D:3      | Identified the +6 dagger of Deflation {freeze, rF++ rC+}
  1934 | D:3      | Reached XP level 4. HP: 24/28 MP: 4/4
  2331 | D:3      | Noticed a steam dragon
  2833 | D:4      | Reached XP level 5. HP: 27/32 MP: 5/5
  2853 | D:4      | Found Gunler's Antique Armour Shop.
  2990 | D:4      | Found Mapnadas's Jewellery Shoppe.
  3015 | D:4      | Found a glowing golden altar of the Shining One.
  3018 | D:4      | Found a sacrificial altar of Ru.
  3020 | D:4      | Found a hide-covered altar of Uskayaw.
  3056 | D:4      | Reached XP level 6. HP: 37/38 MP: 6/6
  3056 | D:4      | Identified the +8 flail of Cheibriados's Envy {freeze,
                  | Str+3}
  3481 | D:4      | Found Tanixiun's Antique Weapon Emporium.
  3565 | D:4      | Found Vangim Voa's Antique Weapon Boutique.
  3750 | D:5      | Entered Level 5 of the Dungeon
  3750 | D:5      | Noticed a black bear
  3758 | D:4      | Killed a black bear
  3853 | D:5      | Reached XP level 7. HP: 44/44 MP: 7/7
  3908 | D:5      | Reached skill level 5 in Fighting
  3908 | D:5      | Reached skill level 5 in Maces & Flails
  3962 | D:5      | Reached skill level 5 in Armour
  3962 | D:5      | Reached XP level 8. HP: 25/51 MP: 8/8
  4173 | D:5      | Found a staircase to the Ecumenical Temple.
  4176 | D:5      | Found a faded altar of an unknown god.
  4194 | D:5      | Noticed Eustachio
  4201 | Temple   | Entered the Ecumenical Temple
  4513 | Temple   | Became a worshipper of Warmaster Okawaru
  4570 | D:5      | Killed Eustachio
  4701 | D:5      | Reached * piety under Okawaru
  5101 | D:5      | Identified the +1 leather armour of Dramatic Exits {rCorr}
  5138 | D:6      | Reached skill level 1 in Invocations
  5461 | D:6      | Reached XP level 9. HP: 55/57 MP: 9/11
  5526 | D:6      | Found a large runed translucent door.
  5526 | D:6      | Found a large runed translucent door.
  5530 | D:6      | Noticed diceflayer's ghost (novice MiFi)
  5777 | D:6      | Noticed Sigmund
  5788 | D:6      | Killed Sigmund
  5914 | D:6      | Noticed Pikel
  5924 | D:6      | Killed Pikel
  5924 | D:6      | Reached ** piety under Okawaru
  6166 | D:7      | Reached skill level 5 in Invocations
  6950 | D:7      | You fall into a shaft and drop 3 floors!
  6950 | D:10     | Entered Level 10 of the Dungeon
  7157 | D:10     | Found a staircase to the Orcish Mines.
  7248 | D:7      | Reached XP level 10. HP: 64/64 MP: 14/14
  7306 | D:7      | Reached *** piety under Okawaru
  7409 | D:7      | Noticed Menkaure
  7412 | D:7      | Killed Menkaure
  8085 | D:8      | Identified the +11 short sword of Xeess {pain, +Blink rC+}
  8920 | D:9      | Reached **** piety under Okawaru
  8929 | D:9      | Received a gift from Okawaru
  9061 | D:9      | Received a gift from Okawaru
  9153 | D:9      | Noticed an elephant
  9173 | D:9      | Killed an elephant
  9245 | D:9      | Noticed Psyche
  9361 | D:9      | Killed Psyche
  9362 | D:9      | Reached XP level 11. HP: 71/71 MP: 17/17
  9619 | D:9      | Found a staircase to the Lair.
  9632 | D:9      | Found Wifru's Magic Scroll Shoppe.
  9940 | D:9      | Found Foidehomi's Magic Scroll Boutique.
 10073 | D:9      | Bought a scroll of identify for 28 gold pieces
 10073 | D:9      | Bought a scroll of blinking for 105 gold pieces
 10073 | D:9      | Bought a scroll of identify for 28 gold pieces
 10073 | D:9      | Bought a scroll of identify for 28 gold pieces
 10155 | D:9      | Bought a scroll of identify for 22 gold pieces
 10155 | D:9      | Bought a scroll of identify for 22 gold pieces
 10485 | D:10     | Found a shadowy altar of Dithmenos.
 10570 | D:10     | Noticed a boulder beetle
 10570 | D:10     | Noticed a brown ugly thing
 10592 | D:10     | Killed a brown ugly thing
 10592 | D:10     | Reached ***** piety under Okawaru
 10593 | D:10     | Reached skill level 10 in Fighting
 10596 | D:10     | Killed a boulder beetle
 10909 | D:11     | Noticed a red ugly thing
 10916 | D:11     | Killed a red ugly thing
 11144 | D:11     | Identified the +5 great mace "Cuerhiga" {speed, Contam
                  | rN++} (Okawaru gifted it to you on level 11 of the Dungeon)
 11144 | D:11     | Received a gift from Okawaru
 11145 | D:11     | Reached skill level 10 in Armour
 11259 | D:11     | Noticed a five-headed hydra
 11365 | D:11     | Reached skill level 10 in Maces & Flails
 11374 | D:11     | Noticed a two-headed ogre
 11381 | D:11     | Killed a two-headed ogre
 11680 | D:11     | Killed a five-headed hydra
 12012 | D:11     | Noticed a purple ugly thing
 12018 | D:11     | Noticed a cyclops
 12047 | D:11     | Killed a purple ugly thing
 12063 | D:11     | Killed a cyclops
 12064 | D:11     | Reached XP level 12. HP: 69/80 MP: 18/18
 12322 | Lair:1   | Entered Level 1 of the Lair of Beasts
 12322 | Lair:1   | Noticed a seven-headed hydra
 12327 | Lair:1   | Killed a seven-headed hydra
 12327 | Lair:1   | Received a gift from Okawaru
 12327 | Lair:1   | Found the +3 warlock's mirror {reflect}
 12444 | Lair:1   | Reached ****** piety under Okawaru
 12793 | Lair:1   | Noticed a six-headed hydra
 12804 | Lair:1   | Killed a six-headed hydra
 14097 | Lair:2   | Found a staircase to the Snake Pit.
 14353 | Lair:2   | Noticed Harold
 14363 | Lair:2   | Killed Harold
 14917 | Lair:3   | Noticed a catoblepas
 14926 | Lair:3   | Killed a catoblepas
 14992 | Lair:3   | Reached XP level 13. HP: 77/87 MP: 19/19
 15216 | Lair:3   | Identified the +4 kite shield of Peodaute {rElec} (Okawaru
                  | gifted it to you on level 3 of the Lair of Beasts)
 15216 | Lair:3   | Received a gift from Okawaru
 15277 | Lair:3   | Found a runed translucent gate.
 15279 | Lair:3   | Found a runed translucent gate.
 15280 | Lair:3   | Found a runed translucent gate.
 15282 | Lair:3   | Noticed a minotaur
 15286 | Lair:3   | Noticed Feulaj's ghost (journeyman MiBe)
 15373 | Lair:3   | Found a burning altar of Makhleb.
 15490 | Lair:3   | Found a staircase to the Swamp.
 16561 | Lair:4   | Found a transporter.
 16570 | Lair:4   | Found a bloodstained altar of Trog.
 16579 | Lair:4   | Noticed Kyusiynim's ghost (journeyman GnEn)
 16596 | Lair:4   | Found a transporter.
 17425 | Lair:4   | Received a gift from Okawaru
 17591 | Lair:4   | Received a gift from Okawaru
 17607 | Lair:4   | Gained mutation: Your large and strong wings let you fly.
                  | [Gargoyle growth]
 17607 | Lair:4   | Reached XP level 14. HP: 25/96 MP: 20/20
 18820 | Lair:4   | Noticed Josephine
 18833 | Lair:5   | Killed Josephine
 19036 | Lair:5   | Identified the +6 great mace of the Vendetta {vorpal, Will-
                  | Int+2 Dex+4 SInv} (Okawaru gifted it to you on level 5 of
                  | the Lair of Beasts)
 19036 | Lair:5   | Received a gift from Okawaru
 19580 | Lair:5   | Reached skill level 15 in Fighting
 19744 | Lair:5   | Reached skill level 1 in Shields
 20011 | Lair:6   | Entered Level 6 of the Lair of Beasts
 20646 | Lair:6   | Received a gift from Okawaru
 20677 | Lair:6   | Reached skill level 15 in Armour
 21023 | Lair:6   | Found a staircase to the Slime Pits.
 21243 | Lair:6   | Reached skill level 5 in Shields
 21463 | Lair:6   | Found a large runed translucent door.
 21463 | Lair:6   | Found a large runed translucent door.
 21861 | Lair:6   | Received a gift from Okawaru
 21861 | Lair:6   | Found the +3 hat of Pondering {ponderous, Will+ MP+10
                  | Int+5}
 21873 | Lair:6   | Reached XP level 15. HP: 80/103 MP: 16/21
 22838 | Lair:6   | Identified the +9 quarterstaff of World Downfall {flame,
                  | rPois Will++ Str-2 Int+10}
 23206 | D:12     | Noticed Fannar
 23225 | D:12     | Killed Fannar
 24473 | D:12     | Noticed Urug
 24481 | D:12     | Killed Urug
 25868 | D:13     | Found a portal to a secret trove of treasure.
 26339 | D:13     | Paralysed by something for 6 turns
 26349 | D:13     | Received a gift from Okawaru
 26562 | D:13     | Found a gate to the Vaults.
 27153 | D:14     | Found a frozen archway.
 27192 | D:14     | Reached skill level 15 in Maces & Flails
 27239 | IceCv    | Entered an ice cave
 27240 | IceCv    | Found a transporter.
 27561 | IceCv    | Found a transporter.
 27566 | IceCv    | Identified the +7 falchion of Gluttony {vorpal, rPois}
 27597 | IceCv    | Slain by a dire elephant simulacrum

Illustrated notes

Levels and vault maps discovered:
D:1:      giann_forest_graveyard, layout_basic
D:2:      layout_basic, chequers_serial_rivers_micro_d, minmay_diced_spiral
D:3:      layout_loops_ring, minmay_misc_feat_tiny,
          chequers_serial_rivers_micro_c, minmay_hedge_maze
D:4:      layout_cave_pools, grunt_temple_overflow_diamond, serial_shops, shop,
          nicolae_shop_window_shopping, nicolae_shop_statue_plus, shop
D:5:      layout_basic, nicolae_temple_entry_ecumenical, uniq_eustachio
D:6:      layout_cave_pods, ebering_ghost_disaster_area, uniq_sigmund,
          uniq_pikel
D:7:      layout_layer_cave, uniq_menkaure
D:8:      layout_loops_corners, serial_aquarium, aquarium_bridge_square
          [aquarium_subvault_bridge, aquarium_subvault_wall,
          aquarium_subvault_window, aquarium_subvault_wall], aquarium_window_3,
          aquarium_window_fake, aquarium_window_fake, aquarium_view_2e,
          aquarium_view_2a
D:9:      layout_basic, david_lair_generic, serial_shops,
          nicolae_shop_statue_plus, nicolae_lakefront_shop, uniq_psyche
D:10:     minmay_general_purpose_star, layout_basic, kennysheep_little_box,
          orc_0_dummy, nicolae_sextant
D:11:     layout_roguey
D:12:     layout_basic, uniq_fannar, uniq_urug
D:13:     layout_basic, grunt_vaults_entry_fortified,
          nicolae_trove_entry_crystal
D:14:     layout_roguey, kiku_gazebo_pond_becter,
          portal_ice_cave_entry_ugly_swarm, uniq_louise
Temple:   dpeg_five_rooms_temple
Lair:1:   layout_cave_pods
Lair:2:   layout_regular_city, minmay_snake_entry_guardpost_small,
          roderic_batcave, beast_lair_carwin_5, uniq_harold
Lair:3:   layout_hall_layers, minmay_swamp_entry_wisps,
          maelrawn_ghost_gauntlet_escape, special_room [special_room_bee],
          lemuel_centaur_altar, grunt_megastairs_5
Lair:4:   nzn_winding_woodlands_huge [nzn_winding_woodlands_5x15_concentric,
          nzn_winding_woodlands_5x15_default,
          nzn_winding_woodlands_5x15_lazy_stream,
          nzn_winding_woodlands_5x15_pathside_ponds,
          nzn_winding_woodlands_5x15_split_checker,
          nzn_winding_woodlands_5x15_river_crossing,
          nzn_winding_woodlands_5x15_eye, nzn_winding_woodlands_5x15_sidewinder,
          nzn_winding_woodlands_5x15_default, nzn_winding_woodlands_5x15_garden,
          nzn_winding_woodlands_center_pierced_h,
          nzn_winding_woodlands_center_lodge,
          nzn_winding_woodlands_15x15_thick_spiral], layout_hall_layers,
          gammafunk_ghost_wrathful_warriors, uniq_josephine
Lair:5:   layout_layer_cave, chequers_serial_rivers_micro_e
Lair:6:   cheibrodos_lair_end_hotspot, layout_loops_ring,
          minmay_slime_entry_oklob_enclosed, small_statue_intersection
IceCv:    ice_cave_statue_garden_transporter

Skill      XL: |  1  2  3  4  5  6  7  8  9 10 11 12 13 14 15 |
---------------+----------------------------------------------+-----
Throwing       | 2 |  2.0
Dodging        | 3 |  3.0
Armour         | 1 2 3 5 6 7 9 10 12 14 15 16 | 16.0
Fighting       | 3 4 5 7 8 9 11 12 14 15 16 | 16.2
Maces & Flails | 4 5 6 7 9 10 12 13 14 15 | 15.1
Invocations    | 2 6 8 |  8.0
Shields        | 5 9 |  9.3

Action                   |  1- 3 |  4- 6 |  7- 9 | 10-12 | 13-15 || total
-------------------------+-------+-------+-------+-------+-------++-------
Melee: Flail             |    71 |       |   170 |   506 |  1180 ||  1927
       Short sword       |    38 |       |       |       |       ||    38
       Dagger            |     3 |   107 |     5 |       |       ||   115
       Punch             |       |       |       |     5 |       ||     5
       Broad axe         |       |       |       |       |    26 ||    26
Throw: Javelin           |       |       |       |     3 |       ||     3
       Throwing net      |       |       |       |     1 |     2 ||     3
Invok: Heroism           |       |       |       |     1 |     6 ||     7
Evoke: Wand              |       |       |       |    11 |       ||    11
       Tin of tremorston |       |       |       |     1 |       ||     1
  Use: Scroll            |       |     3 |     1 |     6 |     5 ||    15
       Potion            |       |       |       |       |     1 ||     1
 Stab: Held in net/web   |       |       |       |     1 |       ||     1
       Petrifying        |       |       |       |       |     1 ||     1
Armor: Leather armour    |    19 |       |       |       |       ||    19
       Chain mail        |    36 |     7 |       |       |       ||    43
       Plate armour      |       |    55 |   111 |   336 |   849 ||  1351
Dodge: Dodged            |    49 |    42 |    90 |   230 |   457 ||   868
Block: Buckler           |       |       |       |    69 |   412 ||   481
       Reflection        |       |       |       |     1 |    23 ||    24
